[Event "Late-Titled-Tuesday-Blitz-February-27-2024"]
[Site "Chess.com"]
[Date "2024.02.27"]
[Round "7"]
[White "BabageldiAnnaberdiyev"]
[Black "pooh2012"]
[Result "1/2-1/2"]
[WhiteElo "2642"]
[BlackElo "2484"]
[TimeControl "180+1"]
[EndTime "15:13:46 PST"]
[Termination "Game drawn by repetition"]

1. e4 c6 2. d4 d5 3. Nd2 dxe4 4.
Nxe4 Nd7 5. Bc4 e6 6. Nf3 Ngf6 7.
Qe2 Nxe4 8. Qxe4 Bd6 9. Bg5 Nf6 10. Qh4 Qa5+ 11. c3 Nd5 12. O-O h6 13. Rfe1 O-O 14. Bxh6 gxh6 15. Qxh6 f6 16. Qg6+ Kh8 17. Qh6+ Kg8 18. Qg6+ Kh8 19. Qh6+ Kg8 1/2-1/2

[Event "Late-Titled-Tuesday-Blitz-February-27-2024"]
[Site "Chess.com"]
[Date "2024.02.27"]
[Round "7"]
[White "Zq1"]
[Black "TenisMaster"]
[Result "0-1"]
[WhiteElo "2634"]
[BlackElo "2934"]
[TimeControl "180+1"]
[EndTime "15:13:52 PST"]
[Termination "TenisMaster won by resignation"]

1. d4 Nf6 2. c4 e6 3. Nf3 d5 4. Nc3 c6 5. e3 Nbd7 6. Qc2 Bd6 7. b3 O-O 8. Be2 b6 9. O-O Bb7 10. Bb2 Rc8 11. Rac1 c5 12. Qb1 cxd4 13. exd4 Re8 14. Rfd1 Bf8 15. Ne5 g6 16. Bf3 Bh6 17. cxd5 Bxc1 18.
dxe6 Rxe6 19. Bxb7 Bxb2 20. Nb5 Nxe5 21. dxe5 Qxd1+ 22. Qxd1 Rc1 23. Qxc1 Bxc1 0-1

[Event "Late-Titled-Tuesday-Blitz-February-27-2024"]
[Site "Chess.com"]
[Date "2024.02.27"]
[Round "7"]
[White "Defenstrator"]
[Black "miraitrunks"]
[Result "1-0"]
[WhiteElo "2400"]
[BlackElo "2209"]
[TimeControl "180+1"]
[EndTime "15:13:55 PST"]
[Termination "Defenstrator won by resignation"]

1. d4 Nf6 2. g4 d5 3. g5 Ne4 4. Bf4 c6 5. Nd2 Bf5 6. f3 Nd6 7. Bg2 Qb6 8. e4 Bg6 9. h4 dxe4 10. fxe4 Qxd4 11. Ne2 Qb4 12. h5 Bxe4 13. Bxd6 Bxg2 14. Bxb4 Bxh1 15. Nc4 1-0

[Event "Late-Titled-Tuesday-Blitz-February-27-2024"]
[Site "Chess.com"]
[Date "2024.02.27"]
[Round "7"]
[White "rose107"]
[Black "Orion2127989"]
[Result "1-0"]
[WhiteElo "2129"]
[BlackElo "2130"]
[TimeControl "180+1"]
[EndTime "15:13:56 PST"]
[Termination "rose107 won by resignation"]

1. e4 c6 2. d4 d5 3. exd5 cxd5 4.
c3 Nf6 5. Nf3 Nc6 6. Bb5 Qb6 7.
Qa4 a6 8. Bxc6+ bxc6 9. O-O e6 10. Bf4 Be7 11. Nbd2 O-O 12. Rab1 Bb7 13. Ne5 c5 14.
Ndf3 cxd4 15. cxd4 Rac8 16. Bg5 Bc6 17. Nxc6 Rxc6 18. Ne5 Rc7 19. Bxf6 1-0

[Event "Late-Titled-Tuesday-Blitz-February-27-2024"]
[Site "Chess.com"]
[Date "2024.02.27"]
[Round "7"]
[White "Fh2411"]
[Black "cassoulet"]
[Result "0-1"]
[WhiteElo "2622"]
[BlackElo "2771"]
[TimeControl "180+1"]
[EndTime "15:13:59 PST"]
[Termination "cassoulet won by resignation"]

1. d4 Nf6 2. Nf3 g6 3. c4 Bg7 4. Nc3 d5 5. Bg5 Ne4 6. cxd5 Nxg5 7. h4 Nxf3+ 8. gxf3 c6 9. dxc6 Nxc6 10. e3 Bd7 11. h5 Qa5 12. Qb3 Qb4 13. Bc4 Qxb3 14. Bxb3 e6 15. Ne4 Ke7 16. Nc5 b6 17. Nxd7 Kxd7 18.
Ba4 Kd6 19. Kd2 Rac8 20. Rag1 Na5 21. b3 a6 22. b4 Nc4+ 23. Ke2 b5 24. Bb3 Nb6 25.
f4 Bf6 26. e4 Kd7 27. Rd1 Be7 28. f5 gxf5 29. exf5 Nd5 0-1

[Event "Late-Titled-Tuesday-Blitz-February-27-2024"]
[Site "Chess.com"]
[Date "2024.02.27"]
[Round "7"]
[White "TanitoluwaAps116"]
[Black "Njal28"]
[Result "0-1"]
[WhiteElo "2897"]
[BlackElo "3038"]
[TimeControl "180+1"]
[EndTime "15:14:04 PST"]
[Termination "Njal28 won by resignation"]

1. e4 e5 2. Nf3 Nc6 3. Bc4 Bc5 4. O-O d6 5. d3 Nf6 6. c3 a6 7. a4 Ba7 8. Nbd2 O-O 9. h3 Re8 10. Re1 Be6 11. Bxe6 Rxe6 12. b4 d5 13. Qc2 d4 14.
Nb3 dxc3 15. Qxc3 Rd6 16. Nxe5 Nxe5 17. Qxe5 Rxd3 18. Nc5 Nd7 19. Qf5 g6 20. Qf4 Nxc5 21. bxc5 Bxc5 22. Bb2 Rd2 23. Bf6 Rxf2 0-1

[Event "Late-Titled-Tuesday-Blitz-February-27-2024"]
[Site "Chess.com"]
[Date "2024.02.27"]
[Round "7"]
[White "Sargsyan_Shant"]
[Black "Bryanl106"]
[Result "1-0"]
[WhiteElo "2918"]
[BlackElo "2590"]
[TimeControl "180+1"]
[EndTime "15:14:09 PST"]
[Termination "Sargsyan_Shant won by resignation"]

1. c4 Nf6 2. Nc3 g6 3. e4 d6 4. d4 Bg7 5. Be2 O-O 6. Be3 c5 7. d5 e6 8. Nf3 Re8 9. Nd2 exd5 10. cxd5 h5 11. O-O Ng4 12. Bxg4 Bxg4 13. f3 Bc8 14. a4 Nd7 15. Kh1 Ne5 16. Qe2 b6 17. h3 Qh4 18. Bf2 Qf6 19. Be3 Qh4 20. Bf2 Qf6 21.
Nb5 Re7 22. Be3 Qh4 23. Nxd6 Bd7 24. N6c4 Nxc4 25. Nxc4 f5 26. Bf2 Qf6 27. e5 Rxe5 28. Nxe5 Qxe5 29. Qxe5 Bxe5 30. a5 Bb5 31. Rfe1 Bc7 32.
axb6 Bxb6 33. b4 Rc8 34. bxc5 Bxc5 35. Bxc5 Rxc5 36. Rxa7 Rxd5 37. Ree7 Kf8 38. Rh7 Rd1+ 39. Kh2 Kg8 40. Rhg7+ Kh8 41. Rxg6 h4 42. Rh6+ Kg8 43.
Rxh4 f4 44. Rxf4 Ba6 45. Rxa6 Rd7 46. Rg6+ Kh7 47. Rg3 1-0

[Event "Late-Titled-Tuesday-Blitz-February-27-2024"]
[Site "Chess.com"]
[Date "2024.02.27"]
[Round "7"]
[White "chucksterf10"]
[Black "venturov"]
[Result "0-1"]
[WhiteElo "2573"]
[BlackElo "2452"]
[TimeControl "180+1"]
[EndTime "15:14:14 PST"]
[Termination "venturov won by resignation"]

1. a3 d5 2. Nf3 c5 3. e3 Nf6 4.
d4 e6 5. dxc5 Bxc5 6. c4 O-O 7.
b4 Be7 8. Bb2 a5 9. b5 Nbd7 10.
Nbd2 Nc5 11. Be2 b6 12. O-O Bb7 13. Rc1 Rc8 14. Nd4 Qd7 15. N2f3 Rfd8 16. h3 Qe8 17. Ne5 Bd6 18. Ndc6 Bxe5 19. Nxe5 dxc4 20. Qc2 Nd3 21.
Rcd1 Qxb5 22. Nxd3 cxd3 23. Bxd3 Qg5 24. f4 Rxc2 25. fxg5 Rxg2+ 26. Kh1 Rxb2+ 0-1

[Event "Late-Titled-Tuesday-Blitz-February-27-2024"]
[Site "Chess.com"]
[Date "2024.02.27"]
[Round "7"]
[White "BebeBonito2022"]
[Black "noblerone"]
[Result "0-1"]
[WhiteElo "2315"]
[BlackElo "2467"]
[TimeControl "180+1"]
[EndTime "15:14:14 PST"]
[Termination "noblerone won by resignation"]

1. d4 d5 2. c4 c6 3. Nc3 Nf6 4. e3 a6 5. Nf3 b5 6. b3 Bg4 7. Be2 e6 8. h3 Bh5 9. g4 Bg6 10.
Ne5 Nfd7 11. cxd5 Nxe5 12. dxe5 cxd5 13. h4 h5 14. gxh5 Bf5 15. a4 Bb4 16. Bd2 Nc6 17.
axb5 Nxe5 18. bxa6 Nd3+ 19. Kf1 Qf6 20. Qe1 0-1

[Event "Late-Titled-Tuesday-Blitz-February-27-2024"]
[Site "Chess.com"]
[Date "2024.02.27"]
[Round "7"]
[White "ritanovikova"]
[Black "maurovargas01"]
[Result "1-0"]
[WhiteElo "2230"]
[BlackElo "1843"]
[TimeControl "180+1"]
[EndTime "15:14:16 PST"]
[Termination "ritanovikova won by resignation"]

1. e4 d5 2. exd5 Qxd5 3. Nc3 Qa5 4. Nf3 c6 5. Be2 Bg4 6. O-O Nf6 7. h3 Bf5 8. d4 e6 9. Bd2 Qc7 10.
Qc1 Bd6 11. Be3 O-O 12. Qd2 Nbd7 13. Rfd1 Rad8 14. Rac1 Nb6 15. b3 Bb4 16. a3 Bxa3 17.
Ra1 Bb4 18. Qe1 Qb8 19. Bd2 Bxc3 20. Bxc3 Nbd5 21. Bb2 a6 22. c4 Nb4 23. Qxb4 Qc7 24. Ne5 c5 25. Qa5 Be4 26. Qxc7 1-0

[Event "Late-Titled-Tuesday-Blitz-February-27-2024"]
[Site "Chess.com"]
[Date "2024.02.27"]
[Round "7"]
[White "rdarruda"]
[Black "Aleksandar-Topalov"]
[Result "0-1"]
[WhiteElo "2496"]
[BlackElo "2377"]
[TimeControl "180+1"]
[EndTime "15:14:18 PST"]
[Termination "Aleksandar-Topalov won by resignation"]

1. Nf3 Nf6 2. d4 g6 3. Nc3 d5 4. Bg5 Bg7 5. Bxf6 exf6 6. e3 O-O 7. Ne2 c5 8. dxc5 Qa5+ 9. c3 Qxc5 10. g3 Nc6 11. Bg2 Bf5 12. O-O Be4 13. Ned4 f5 14.
Qb3 Na5 15. Qd1 Nc4 16. Qe2 b5 17. Nb3 Qb6 18. Nfd4 Bxg2 19. Kxg2 b4 20. cxb4 Qxb4 21. Rab1 a5 22. Rfd1 a4 23. a3 Qb6 24. Na1 Rfe8 25. Qd3 Rab8 26. b4 Bxd4 27. exd4 f4 28. gxf4 Re4 29. Kg3 Qf6 30. Qf3 Rbe8 31. Nc2 h5 32. Re1 Nd2 33. Rxe4 dxe4 0-1

[Event "Late-Titled-Tuesday-Blitz-February-27-2024"]
[Site "Chess.com"]
[Date "2024.02.27"]
[Round "7"]
[White "AlexeiShirov"]
[Black "manitodeplomo"]
[Result "1-0"]
[WhiteElo "2855"]
[BlackElo "2662"]
[TimeControl "180+1"]
[EndTime "15:14:23 PST"]
[Termination "AlexeiShirov won by resignation"]

1. e4 c5 2. Nf3 e6 3. d4 cxd4 4. Nxd4 a6 5. c4 Nf6 6. Nc3 Qc7 7. a3 b6 8. Be3 Bb7 9. f3 Nc6 10. Rc1 Ne5 11. Na4 Rb8 12. b4 Ng6 13. c5 b5 14. Nb6 Be7 15. a4 bxa4 16. Qxa4 O-O 17. Bxa6 Bxa6 18. Qxa6 d6 19. Nb5 Qc6 20. cxd6 Rxb6 21.
Rxc6 Rxa6 22. Rxa6 1-0

[Event "Late-Titled-Tuesday-Blitz-February-27-2024"]
[Site "Chess.com"]
[Date "2024.02.27"]
[Round "7"]
[White "Machidon"]
[Black "Godzillator"]
[Result "0-1"]
[WhiteElo "2485"]
[BlackElo "2367"]
[TimeControl "180+1"]
[EndTime "15:14:26 PST"]
[Termination "Godzillator won by checkmate"]

1. d4 d5 2. Nf3 Nf6 3. Bg5 Ne4 4.
Bh4 c6 5. Nbd2 Bf5 6. e3 Qb6 7. Rb1 Bg6 8. Nxe4 Bxe4 9. Nd2 Bg6 10. Be2 e6 11. O-O Bd6 12. b4 a6 13. Nb3 Qc7 14. Bg3 b6 15. Rc1 Bxg3 16. hxg3 h5 17. c4 h4 18. gxh4 Rxh4 19. g3 Rh7 20. Bf3 Qd7 21. a4 e5 22. dxe5 Qh3 23. Re1 Be4 24.
Bxe4 dxe4 25. f3 Qh1+ 26. Kf2 Rh2# 0-1

[Event "Late-Titled-Tuesday-Blitz-February-27-2024"]
[Site "Chess.com"]
[Date "2024.02.27"]
[Round "7"]
[White "waltereador"]
[Black "shirovin"]
[Result "1-0"]
[WhiteElo "2300"]
[BlackElo "2068"]
[TimeControl "180+1"]
[EndTime "15:14:31 PST"]
[Termination "waltereador won on time"]

1. d4 Nf6 2. Nf3 g6 3. g3 Bg7 4.
Bg2 d5 5. O-O O-O 6. c4 c6 7. cxd5 cxd5 8. Nc3 Ne4 9. Ng5 Nxc3 10.
bxc3 Nc6 11. e4 dxe4 12. Nxe4 e5 13. d5 Ne7 14. Ba3 Re8 15. d6 Nc6 16. Qd2 f5 17. Nc5 e4 18. d7 Bxd7 19. Qxd7 Qa5 20. Bb4 Nxb4 21. cxb4 Qxb4 22. Qd5+ Kh8 23. Rab1 Qa3 24. Nxb7 Rac8 25. Rfd1 Rc2 26. Nd6 Re7 27. Rb8+ 1-0

[Event "Late-Titled-Tuesday-Blitz-February-27-2024"]
[Site "Chess.com"]
[Date "2024.02.27"]
[Round "7"]
[White "jefferyx"]
[Black "Beca95"]
[Result "1/2-1/2"]
[WhiteElo "3079"]
[BlackElo "2945"]
[TimeControl "180+1"]
[EndTime "15:14:33 PST"]
[Termination "Game drawn by repetition"]

1. e4 c5 2. Nf3 d6 3. Nc3 Nf6 4. d4 cxd4 5. Qxd4 a6 6. Nd5 e5 7. Nxf6+ Qxf6 8. Qc3 Nc6 9. Bc4 h6 10. O-O Be7 11. Bd5 Bd7 12. Nd2 O-O 13. Nc4 Nd4 14. Qd2 Bc6 15. Ne3 Qg6 16. Qd3 Bg5 17. c3 Bb5 18.
Nc4 Bxc1 19. Rfxc1 Ne6 20. Qg3 Bxc4 21. Qxg6 fxg6 22.
Bxc4 Kf7 23. a4 Ke7 24. f3 Rac8 25. Bd5 Rc7 26. Kf2 Nf4 27. Rd1 Rc5 28. Bb3 b6 29.
g3 Nh5 30. Rd3 Nf6 31. Ke2 g5 32. Rad1 Rc6 33. Bd5 Rc7 34. Ba2 Rc6 35. Bd5 Rc7 36. Ba2 Rc6 37. Bd5 1/2-1/2

[Event "Late-Titled-Tuesday-Blitz-February-27-2024"]
[Site "Chess.com"]
[Date "2024.02.27"]
[Round "7"]
[White "kai_nov"]
[Black "VitorBronson"]
[Result "0-1"]
[WhiteElo "2321"]
[BlackElo "2494"]
[TimeControl "180+1"]
[EndTime "15:14:40 PST"]
[Termination "VitorBronson won on time"]

1. d4 d5 2. c4 c6 3. Nf3 Nf6 4. e3 e6 5. Nbd2 Nbd7 6. Bd3 Bd6 7. O-O O-O 8. e4 e5 9. cxd5 cxd5 10. Re1 dxe4 11. Nxe4 Nxe4 12. Bxe4 exd4 13. Nxd4 Nc5 14.
Bc2 Bd7 15. Qh5 g6 16. Qd5 Re8 17. Bg5 Qa5 18. Reb1 Qc7 19. h3 Re5 20. Qf3 Rxg5 21. b4 Ne6 22. Nxe6 Bxe6 23. Rc1 Bd5 24. Be4 Bxe4 25.
Qxe4 Qe7 26. Qf3 Rf5 27. Qd3 Bxb4 28. Rab1 b6 0-1

[Event "Late-Titled-Tuesday-Blitz-February-27-2024"]
[Site "Chess.com"]
[Date "2024.02.27"]
[Round "7"]
[White "Peroncio"]
[Black "GoValya"]
[Result "1-0"]
[WhiteElo "2438"]
[BlackElo "2252"]
[TimeControl "180+1"]
[EndTime "15:14:41 PST"]
[Termination "Peroncio won by resignation"]

1. e4 e6 2. d4 d5 3. Bd3 c5 4. exd5 exd5 5. Nf3 c4 6. Be2 Nf6 7. b3 cxb3 8. axb3 h6 9. O-O Be7 10. c4 O-O 11. Re1 Nc6 12. Nc3 Bb4 13. Bd2 Bxc3 14. Bxc3 Ne4 15. Bb2 Bf5 16. cxd5 Nb4 17. Bc4 Nxd5 18. Ne5 Nec3 19. Qf3 Be4 20. Qg3 f6 21. Bxc3 fxe5 22. Rxe4 Kh8 23. Rxe5 Nf4 24. d5 Rc8 25. Rf5 1-0

[Event "Late-Titled-Tuesday-Blitz-February-27-2024"]
[Site "Chess.com"]
[Date "2024.02.27"]
[Round "7"]
[White "Binary010"]
[Black "DefiantChair"]
[Result "0-1"]
[WhiteElo "2808"]
[BlackElo "2669"]
[TimeControl "180+1"]
[EndTime "15:14:47 PST"]
[Termination "DefiantChair won by resignation"]

1. e4 c5 2. Nf3 d6 3. d4 cxd4 4. Nxd4 Nf6 5. Nc3 a6 6. Rg1 e5 7. Nb3 Be6 8. g4 d5 9. exd5 Nxd5 10. Nxd5 Qxd5 11. Qxd5 Bxd5 12. Be3 Nc6 13. c3 O-O-O 14. Nd2 Be6 15. Bc4 Bxc4 16. Nxc4 f6 17. a4 Bd6 18. Ke2 Bc7 19. b4 Rd5 20. Nb6+ Bxb6 21. Bxb6 Kd7 22. Rgd1 Ke6 23. b5 Ne7 24. c4 Rxd1 25. Rxd1 Rc8 26. c5 Nd5 27. bxa6 bxa6 28. Rd3 Nf4+ 29. Ke3 Nxd3 30. Kxd3 Kd5 31. a5 g6 32. Ke3 f5 33. gxf5 gxf5 34. f3 Rg8 35. Bc7 Rg2 36. h3 f4+ 37. Kd3 Rg3 38. Ke2 Rxh3 39. c6 Rh6 0-1

[Event "Late-Titled-Tuesday-Blitz-February-27-2024"]
[Site "Chess.com"]
[Date "2024.02.27"]
[Round "7"]
[White "Bkmzzzzz"]
[Black "bazar-wokzal"]
[Result "0-1"]
[WhiteElo "2403"]
[BlackElo "2610"]
[TimeControl "180+1"]
[EndTime "15:14:48 PST"]
[Termination "bazar-wokzal won by resignation"]

1. e4 Nc6 2. Nc3 Nf6 3. Nf3 d5 4. e5 Ne4 5. d4 Bg4 6. Be2 e6 7. Be3 Bb4 8. Qd3 Bf5 9. Qb5 Nxc3 10. Qxb7 Nxe2+ 11. Kxe2 Kd7 12. c3 a6 13. Bg5 Qe8 14. cxb4 Ra7 15. Qxa7 Nxa7 16. a3 Bg4 17. Rac1 Qb8 18. Rc3 Qb5+ 19. Kd2 Bxf3 20. g3 0-1

[Event "Late-Titled-Tuesday-Blitz-February-27-2024"]
[Site "Chess.com"]
[Date "2024.02.27"]
[Round "7"]
[White "Cristi_Coca"]
[Black "PawnEatingZombie"]
[Result "0-1"]
[WhiteElo "2359"]
[BlackElo "2184"]
[TimeControl "180+1"]
[EndTime "15:14:49 PST"]
[Termination "PawnEatingZombie won by resignation"]

1. e4 d6 2. d4 Nf6 3. Nc3 e5 4. dxe5 dxe5 5. Qxd8+ Kxd8 6. Nf3 Bd6 7. Bg5 Be6 8.
O-O-O Nd7 9. Bb5 Kc8 10. Bxd7+ Nxd7 11. Nd5 f6 12. Be3 Re8 13. c4 Bc5 14. b4 Bxe3+ 15. Nxe3 a5 16. b5 c6 17. Kb2 Kc7 18. Ne1 Nc5 19.
f3 Red8 20. N1c2 Nd3+ 21. Kc3 Nf2 22. Rxd8 Rxd8 23. Rf1 Rd3+ 24. Kb2 Rd2 25. Kc1 Re2 26. Nd1 Nxd1 27. Kxd1 Rxg2 28. Ne3 Rxh2 0-1

[Event "Late-Titled-Tuesday-Blitz-February-27-2024"]
[Site "Chess.com"]
[Date "2024.02.27"]
[Round "7"]
[White "GHANDEEVAM2003"]
[Black "temus_galaktionov"]
[Result "1-0"]
[WhiteElo "3054"]
[BlackElo "2912"]
[TimeControl "180+1"]
[EndTime "15:14:54 PST"]
[Termination "GHANDEEVAM2003 won by resignation"]

1. c4 c6 2. Nf3 g6 3. e3 Bg7 4.
d4 Nf6 5. Nc3 O-O 6. Be2 d6 7.
O-O Nbd7 8. b4 e5 9. b5 Re8 10. Rb1 c5 11. dxe5 dxe5 12. e4 Qa5 13. Qc2 Nf8 14. Nd5 Nxd5 15. cxd5 Qc7 16. Nd2 Nd7 17. a4 Rf8 18. Nc4 Nb6 19. Ne3 Nd7 20. Ba3 b6 21.
Rbd1 Nf6 22. Bb2 Ne8 23. Nc4 Nd6 24. Nxe5 Re8 25. f4 f6 26. Nc4 Nxe4 27. d6 Qd7 28.
Bf3 Bb7 29. Rfe1 f5 30. Ne5 Qe6 31. d7 Red8 32. Be2 Nd6 33. Qd2 Nf7 34. Bc4 1-0

[Event "Late-Titled-Tuesday-Blitz-February-27-2024"]
[Site "Chess.com"]
[Date "2024.02.27"]
[Round "7"]
[White "lucasmito"]
[Black "dosto07"]
[Result "1/2-1/2"]
[WhiteElo "2819"]
[BlackElo "2516"]
[TimeControl "180+1"]
[EndTime "15:14:55 PST"]
[Termination "Game drawn by repetition"]

1. e4 e5 2. Nf3 Nc6 3. d4 exd4 4. Bc4 Bc5 5. c3 d6 6. cxd4 Bb6 7. h3 Nf6 8. Nc3 O-O 9. O-O Nxe4 10. Nxe4 d5 11. Bg5 Qd7 12. Nf6+ gxf6 13. Bxf6 Qf5 14. Bg5 dxc4 15. Qd2 Nxd4 16. Nxd4 Bxd4 17. Rae1 c5 18. Bh6 Be6 19. Re3 Kh8 20. Rf3 Qg6 21. Bxf8 Rxf8 22.
Kh1 Rg8 23. Rg3 Qf6 24. Rxg8+ Kxg8 25. f4 Bd5 26. Kh2 Be4 27. Qe2 Qe6 28. Re1 f5 29.
Qh5 Qg6 30. Qh4 Qf6 31. Qh5 Qg6 32. Qh4 Bf6 33. Qf2 Bd4 34. Qh4 1/2-1/2

[Event "Late-Titled-Tuesday-Blitz-February-27-2024"]
[Site "Chess.com"]
[Date "2024.02.27"]
[Round "7"]
[White "Firouzja2003"]
[Black "Kirill_Klukin"]
[Result "1-0"]
[WhiteElo "3058"]
[BlackElo "2841"]
[TimeControl "180+1"]
[EndTime "15:14:59 PST"]
[Termination "Firouzja2003 won by resignation"]

1. d4 Nf6 2. Bg5 e6 3. e3 d6 4. Nd2 Nbd7 5. Ngf3 h6 6. Bh4 b6 7. Bd3 Bb7 8. Qe2 g5 9. Bg3 Nh5 10. Ba6 Qc8 11. Bxb7 Qxb7 12. O-O-O Bg7 13. Kb1 O-O-O 14. c3 f5 15. Ne1 Ndf6 16. f3 Nxg3 17. hxg3 Rhe8 18.
Nd3 Kb8 19. e4 Nd7 20. Rhe1 fxe4 21. fxe4 Rf8 22. Nf3 Rf7 23. d5 exd5 24. exd5 Nc5 25. Nb4 Ka8 26. Nc6 Rc8 27. Nfd4 Nd7 28. Qe6 Rcf8 29. Nd8 Rxd8 30. Qxf7 Be5 31. Nc6 Qc8 32. Nxd8 Qxd8 33. g4 Kb7 34. Re4 a5 35. a4 Nc5 36.
Rxe5 dxe5 37. d6 e4 38. d7 Kc6 1-0

[Event "Late-Titled-Tuesday-Blitz-February-27-2024"]
[Site "Chess.com"]
[Date "2024.02.27"]
[Round "7"]
[White "becemix"]
[Black "RantomOpening"]
[Result "0-1"]
[WhiteElo "2424"]
[BlackElo "2570"]
[TimeControl "180+1"]
[EndTime "15:15:02 PST"]
[Termination "RantomOpening won by resignation"]

1. e4 c5 2. d4 cxd4 3. c3 Nf6 4.
e5 Nd5 5. cxd4 d6 6. f4 dxe5 7. fxe5 Nc6 8. Nc3 Bf5 9. a3 e6 10. Nf3 Be7 11. Bd3 Bxd3 12. Qxd3 Nxc3 13. bxc3 O-O 14.
O-O f6 15. Bf4 Qd7 16. exf6 Bxf6 17. Ng5 Bxg5 18. Bxg5 e5 19. d5 Ne7 20. Bxe7 Qxe7 21. d6 Qe6 22. d7 Rxf1+ 23. Rxf1 Rd8 24. Rd1 e4 25. Qd4 e3 26. Qd5 Qxd5 27. Rxd5 Kf7 28.
Kf1 Ke6 29. Rd3 Rxd7 30. Rxe3+ Kd5 31. Rd3+ Kc6 32. Rh3 h6 33. Ke2 Kb5 34. Rh4 Rc7 35. Kd3 Rd7+ 36. Rd4 Rxd4+ 37. cxd4 Kc6 38. Kc4 Kd6 39.
a4 Kc6 40. a5 b6 41. d5+ Kd6 42. a6 b5+ 43. Kxb5 Kxd5 44. h4 h5 45. g3 g6 46.
Kb4 Kc6 47. Kc4 Kb6 48. Kd5 Kxa6 49. Ke6 Kb6 50. Kf6 a5 51. Kxg6 a4 52. Kxh5 a3 53.
g4 a2 0-1

[Event "Late-Titled-Tuesday-Blitz-February-27-2024"]
[Site "Chess.com"]
[Date "2024.02.27"]
[Round "7"]
[White "Eeleyah"]
[Black "GlavkonVVS"]
[Result "0-1"]
[WhiteElo "2344"]
[BlackElo "2528"]
[TimeControl "180+1"]
[EndTime "15:15:02 PST"]
[Termination "GlavkonVVS won by resignation"]

1. d4 Nf6 2. c4 c5 3. d5 e6 4. Nc3 exd5 5. cxd5 d6 6. Nf3 g6 7. Nd2 Bg7 8. e4 O-O 9. Be2 a6 10. a4 Re8 11. O-O Nbd7 12. Ra3 Rb8 13. h3 Qc7 14. f4 c4 15. Bxc4 b5 16. axb5 axb5 17. Nxb5 Rxb5 18.
Bxb5 Qc5+ 19. Kh1 Qxb5 20. Rb3 Qa6 21. Ra3 Qb5 22. Rb3 Qa4 23. Qf3 Nxe4 24. Ra3 Nxd2 25. Bxd2 Qc2 26. Bc3 Nc5 27. Bxg7 Kxg7 28. b4 Ne4 29.
Re3 Nd2 30. Rxe8 Nxf3 31. Rxf3 Bb7 32. Re1 Bxd5 33. Rg3 Qf2 34. Ree3 Bxg2+ 35. Kh2 Bf3+ 0-1

[Event "Late-Titled-Tuesday-Blitz-February-27-2024"]
[Site "Chess.com"]
[Date "2024.02.27"]
[Round "7"]
[White "rikchessmx"]
[Black "Rawnsdale"]
[Result "1-0"]
[WhiteElo "2263"]
[BlackElo "2507"]
[TimeControl "180+1"]
[EndTime "15:15:09 PST"]
[Termination "rikchessmx won by resignation"]

1. e4 c6 2. d4 d5 3. Nc3 dxe4 4.
Nxe4 Nf6 5. Ng5 h6 6. N5f3 Bf5 7. Ne2 e6 8. Ng3 Bh7 9. Bd3 Bxd3 10. Qxd3 Nbd7 11. Bd2 Bd6 12. Ne4 Nxe4 13. Qxe4 Nf6 14. Qe2 Qc7 15. c4 O-O-O 16. Bc3 Nd7 17. O-O-O Rhe8 18. Rhe1 Kb8 19. Kb1 f6 20. g3 e5 21. Nh4 a5 22. Nf5 Bf8 23. d5 cxd5 24. cxd5 g6 25. Ne3 Nc5 26. Rc1 a4 27. Qb5 Qd7 28. Qb6 Nd3 29.
Ba5 Nxe1 30. Rc7 Qxc7 31. Qxc7+ Ka8 32. Bxe1 Bd6 33. Qa5+ Kb8 34. Qxa4 f5 35. Ba5 Rc8 36. Bb6 Rcd8 37. Nc4 Kc8 38. Bxd8 Rxd8 39. Qa8+ Kc7 40. Qa5+ Kd7 41. Nxd6 1-0

[Event "Late-Titled-Tuesday-Blitz-February-27-2024"]
[Site "Chess.com"]
[Date "2024.02.27"]
[Round "7"]
[White "dolynachess"]
[Black "lamomiajunior"]
[Result "0-1"]
[WhiteElo "2477"]
[BlackElo "2731"]
[TimeControl "180+1"]
[EndTime "15:15:10 PST"]
[Termination "lamomiajunior won on time"]

1. d4 Nf6 2. c4 g6 3. Nc3 Bg7 4. e4 d6 5. Nf3 Nc6 6. Be2 O-O 7.
Be3 Nd7 8. d5 Nce5 9. Nd4 c5 10.
dxc6 Nxc6 11. O-O Nc5 12. Qd2 Be6 13. Rfd1 a5 14. Rac1 Nxd4 15. Bxd4 Bxd4 16. Qxd4 Qb6 17. Rb1 a4 18. f4 Nd7 19. Kf1 Qxd4 20. Rxd4 Rfc8 21.
Rc1 f6 22. Ke1 Nb6 23. Nb5 Ra5 24. Na3 g5 25. g3 gxf4 26. gxf4 f5 27. Bd3 fxe4 28.
Bxe4 Nd7 29. Kd2 Nf6 30. Bf3 Rac5 31. Rg1+ Kf7 32. Kd3 h5 33. h4 Bf5+ 34. Kd2 b6 35. Rg5 Bg4 36. Bxg4 hxg4 37. Ke3 Rh8 0-1

[Event "Late-Titled-Tuesday-Blitz-February-27-2024"]
[Site "Chess.com"]
[Date "2024.02.27"]
[Round "7"]
[White "SpeedofLight0"]
[Black "jcibarra"]
[Result "1-0"]
[WhiteElo "3062"]
[BlackElo "2930"]
[TimeControl "180+1"]
[EndTime "15:15:11 PST"]
[Termination "SpeedofLight0 won by resignation"]

1. b3 d6 2. Bb2 e5 3. d4 exd4 4. Nf3 c5 5. c3 dxc3 6. Nxc3 Nf6 7. e4 Be7 8. Bd3 O-O 9. O-O Bg4 10. h3 Bh5 11. g4 Bg6 12. Nh4 Nc6 13. f4 Bxe4 14. Nxe4 Nxe4 15. Bxe4 Bxh4 16. g5 Re8 17. Bxc6 bxc6 18. Qg4 c4 19. Qxh4 cxb3 20. axb3 Qb6+ 21.
Qf2 Qxb3 22. Ra3 Qd5 23. Rxa7 Rxa7 24. Qxa7 c5 25. Qd7 Ra8 26. Re1 Rf8 27. Re8 Qd1+ 28.
Kf2 Qd2+ 29. Kg3 Qe1+ 30. Rxe1 1-0

[Event "Late-Titled-Tuesday-Blitz-February-27-2024"]
[Site "Chess.com"]
[Date "2024.02.27"]
[Round "7"]
[White "gahryman"]
[Black "ProChessWICTH"]
[Result "0-1"]
[WhiteElo "2687"]
[BlackElo "2571"]
[TimeControl "180+1"]
[EndTime "15:15:12 PST"]
[Termination "ProChessWICTH won on time"]

1. e4 c6 2. d4 d5 3. e5 Bf5 4. Nf3 e6 5. c3 Ne7 6. Na3 Nd7 7. Nc2 c5 8. dxc5 Nc6 9. Ncd4 Bg4 10.
Bb5 Rc8 11. Be3 Bxc5 12. h3 Bxf3 13. Qxf3 Ncxe5 14. Qg3 O-O 15. O-O a6 16. Ba4 Be7 17. Bc2 Bh4 18. Qf4 Nc4 19. Qf3 Nxb2 20. Rad1 Nxd1 21. Rxd1 Rxc3 22. Qg4 Bf6 23. Bb1 Ne5 24.
Qh5 g6 25. Qe2 Qc7 26. Bh6 Rc8 27. h4 Qc4 28. Qd2 Ng4 29. Qf4 Bxd4 30. Rxd4 Rc1+ 31.
Qxc1 Qxc1+ 0-1

[Event "Late-Titled-Tuesday-Blitz-February-27-2024"]
[Site "Chess.com"]
[Date "2024.02.27"]
[Round "7"]
[White "Rashad_Zeynalli"]
[Black "Joachim100x"]
[Result "0-1"]
[WhiteElo "2628"]
[BlackElo "2496"]
[TimeControl "180+1"]
[EndTime "15:15:12 PST"]
[Termination "Joachim100x won by resignation"]

1. e4 c5 2. Nf3 e6 3. d4 cxd4 4. Nxd4 Bc5 5. Nb3 Bb6 6. Nc3 Ne7 7. Bd3 O-O 8. Qh5 Nbc6 9. O-O Nb4 10. Kh1 Nxd3 11.
cxd3 f5 12. Bg5 h6 13. Bh4 g5 14. Bxg5 hxg5 15. Qxg5+ Kh7 16. f4 Ng6 17. Qh5+ Kg7 18.
exf5 Rxf5 19. Qg4 d5 20. d4 Qf6 21. g3 Bd7 22. a4 a6 23. a5 Ba7 24. Ne2 Rh8 25.
Rac1 Bc6 26. Ng1 Bxd4 27. Nxd4 Qxd4 28. Nf3 Qxb2 29. Rce1 d4 30. h4 Rxf4 31. Qg5 Rxf3 0-1